 Dungeon Crawl Stone Soup version 0.21-a0-2-ge494091 (webtiles) character file.

73056 Rrauwl the Stickfighter (level 15, -2/113 HPs)
             Began as a Formicid Fighter on May 22, 2017.
             Was a High Priest of Okawaru.
             Slain by a frost giant
             ... wielding a +0 battleaxe of freezing
              (4 damage)
             ... on level 11 of the Dungeon.
             The game lasted 01:17:04 (17625 turns).

Rrauwl the Stickfighter (Formicid Fighter)         Turns: 17625, Time: 01:17:05

Health: -2/113     AC: 18    Str: 20    XL:     15   Next: 88%
Magic:  19/20      EV: 20    Int: 12    God:    Okawaru [*****.]
Gold:   1173       SH: 25    Dex: 23    Spells: 13/14 levels left

rFire    + . .     SeeInvis +   a - +4 quarterstaff (chaos)
rCold    + + .     Gourm    .   Y - +2 large shield
rNeg     . . .     Faith    .   B - +2 ring mail {rC+}
rPois    +         Spirit   .   (helmet unavailable)
rElec    .         Reflect  +   Z - scarf of the Gusle {rPois Str-3 Dex+9}
rCorr    .         Harm     .   G - +2 pair of gloves {archery}
MR       +....     Clarity  +   m - +2 pair of boots {run}
Stlth    +++.......             n - +3 amulet of reflection
Regen    0.3/turn               q - ring of protection from fire
MPRegen  0.2/turn               z - +5 ring of slaying

@: heroism, quick
A: permanent stasis, dig shafts and tunnels, four strong arms, antennae 3, thin
skeletal structure 1, clarity, clever 1, cold resistance 1, evolution 1
a: Dig, Shaft Self, Heroism, Finesse, Renounce Religion


You were on level 11 of the Dungeon.
You worshipped Okawaru.
Okawaru was extremely pleased with you.
You were not hungry.

You visited 3 branches of the dungeon, and saw 18 of its levels.
You also visited: Bailey.

You collected 1173 gold pieces.

Inventory:

Hand Weapons
 a - a +4 quarterstaff of chaos (weapon)
 b - a +0 hunting sling
 c - a +6 lajatang of protection
Missiles
 e - 231 sling bullets
Armour
 m - a +2 pair of boots of running (worn)
 B - a +2 ring mail of cold resistance (worn)
 G - a +2 pair of gloves of archery (worn)
 Y - a +2 large shield (worn)
 Z - the scarf of the Gusle (worn) {rPois Str-3 Dex+9}
   (Okawaru gifted it to you on level 6 of the Lair of Beasts)

   It affects your strength (-3).
   It affects your dexterity (+9).
   It protects you from poison.
Jewellery
 l - the ring of Kopo {rPois Dex+3, unknown}
   (You took it off an efreet on level 11 of the Dungeon)

   [ring of poison resistance]

   It affects your dexterity (+3).
   It protects you from poison.
 n - a +3 amulet of reflection (around neck)
 o - an uncursed ring of protection from magic
 q - a ring of protection from fire (left hand)
 u - the ring "Juzusarr" {rElec rPois MP+9 Slay+2, unknown}
   (You found it on level 11 of the Dungeon)

   [ring of poison resistance]

   It affects your accuracy and damage with ranged weapons and melee attacks
   (+2).
   It insulates you from electricity.
   It protects you from poison.
   It affects your magic capacity (+9).
 v - the ring of Music {rElec Str+2 Dex+4 Stlth+, unknown}
   (You found it on level 11 of the Dungeon)

   [ring of stealth]

   It affects your strength (+2).
   It affects your dexterity (+4).
   It insulates you from electricity.
   It makes you more stealthy.
 x - an uncursed ring of protection from cold
 z - a +5 ring of slaying (right hand)
Wands
 w - a wand of confusion (21/48)
 O - a wand of lightning (7/15)
 T - a wand of polymorph (9/24)
 W - a wand of paralysis (11/24)
Scrolls
 j - a scroll of amnesia
 r - 9 scrolls of identify
 s - 7 scrolls of remove curse
 y - 2 scrolls of magic mapping
 L - 3 scrolls of recharging
 U - 2 scrolls of fear
Potions
 f - 4 potions of cancellation
 g - 2 potions of might
 p - 7 potions of curing
 A - a potion of ambrosia
 E - 10 potions of heal wounds
 I - 2 potions of resistance
 M - 2 potions of invisibility
Books
 k - a book of Transfigurations

   Spells                             Type                      Level
   a - Irradiate                      Conjuration/Transmutation    5
   b - Statue Form                    Transmutation/Earth          6
   c - Hydra Form                     Transmutation                6
   d - Dragon Form                    Transmutation                7
Miscellaneous
 h - a box of beasts
 X - a phantom mirror
Comestibles
 d - 33 chunks of flesh
 i - a bread ration
 t - 8 royal jellies


   Skills:
 - Level 9.0(14.0) Fighting
   Level 9.2(18.6) Maces & Flails
 + Level 15.9(21.7) Staves
 - Level 9.0(14.0) Slings
 + Level 12.5(17.5) Armour
 - Level 6.0(11.0) Dodging
 - Level 9.0(14.0) Shields
 - Level 7.0 Invocations


You had 13 spell levels left.
You knew the following spells:

 Your Spells              Type           Power        Failure   Level  Hunger
a - Summon Butterflies    Summ           #.......     50%         1    ##.....


Dungeon Overview and Level Annotations

Branches:
Dungeon (11/15)            Temple (1/1) D:5            Lair (6/6) D:9
 Shoals (0/4) Lair:3        Snake (0/4) Lair:3        Slime (0/5) Lair:6
    Orc (0/2) D:11

Altars:
Ashenzari
Cheibriados
Dithmenos
Elyvilon
Fedhas
Gozag
Hepliaklqana
Kikubaaqudgha
Makhleb
Nemelex Xobeh
Okawaru
Qazlal
Ru
Sif Muna
Trog
Uskayaw
Vehumet
Wu Jian
Xom
Yredelemnul
Zin
The Shining One

Shops:
D:4 *


Innate Abilities, Weirdness & Mutations

You cannot be hasted, slowed, berserked, paralysed or teleported.
You can dig through walls and to a lower floor.
Your four strong arms can wield two-handed weapons with a shield.
You have a pair of large antennae on your head. (SInv)
You have a somewhat thin skeletal structure. (Dex +2, Stealth)
You possess an exceptional clarity of mind.
Your mind is acute. (Int +2)
Your flesh is cold resistant. (rC+)
You evolve.


Message History

The frost giant is lightly wounded.
You hit the frost giant.
The frost giant goes berserk!
The frost giant is moderately wounded.
You block the frost giant's attack.
You bludgeon the frost giant!!
The frost giant is moderately wounded.
The frost giant hits you but does no damage.
You sock the frost giant! You burn the frost giant.
The frost giant is heavily wounded.
You bludgeon the frost giant!! You freeze the frost giant.
The frost giant is severely wounded.
The frost giant hits you with a battleaxe of freezing!!!
The frost giant freezes you.
As you read the scroll of fear, it crumbles to dust.
You assume a fearsome visage.
You block the frost giant's attack.
The frost giant rages.
The frost giant hits you with a battleaxe of freezing!!!
* * * LOW HITPOINT WARNING * * *
The frost giant freezes you.
You die...

#..##....#.#############
#######. ##.##....#.#
###?# . #. ##.##....#.#
.... .# #.
##.##....#.#####.### .#
##. ##)##....#..#
.....?.. #..
##.##....##.####.##.##
##..
##..#........#(...(#.#
##.#...
###.####.#...###C##.##
...##... # #..#
#.###..#(@..#.# ..
.#...# # ##.###.#
##.##)##)###.# .##...# #
#..##)#
#..#...#...#§..#..### #
##.##.#
##.##.#######.##.## #
#..#.# #..##.## #.##.÷#
# ##.#.#
##.###.###.###.## #
#...# #..###(#.# #..# #
#####..# #..####)# ##.##
###......# #...# #.#
#..#


You could see a frost giant (berserk).

Vanquished Creatures
  A fire giant (D:11)
  The ghost of Rrauwl the Carver, a journeyman BaFi of Cheibriados (D:11)
  An ettin (D:11)
  Josephine (Lair:5)
  Harold (D:10)
  6 hydras
  An ice dragon (D:11)
  2 catoblepae
  The ghost of Conn321 the Ogre Mage, a novice OgWz of Sif Muna (Bailey)
  9 death yaks (Lair:6)
  2 two-headed ogres
  The ghost of smzp the Carver, a novice BaFi of Okawaru (D:9)
  A deep troll shaman (Lair:6)
  A deep elf knight (D:11)
  The ghost of Blackbelt the Basher, a novice DsGl of Gozag (Bailey)
  A glowing orange brain (shapeshifter) (Lair:6)
  A lindwurm (Lair:6)
  Pikel (D:9)
  A phantasmal warrior (D:11)
  An orc sorcerer (D:11)
  2 ugly things (D:11)
  A cyclops (D:11)
  A wolf spider (shapeshifter) (D:11)
  A manticore (shapeshifter) (D:11)
  3 oklob plants (Lair:5)
  A cyclops (shapeshifter) (Lair:6)
  5 elephants (Lair:6)
  Psyche (D:9)
  A black mamba (Lair:5)
  A gargoyle (D:10)
  12 spiny frogs
  2 efreet (D:11)
  3 rime drakes
  9 komodo dragons
  A freezing wraith (D:11)
  A polar bear (Lair:6)
  A meliai (shapeshifter) (D:11)
  Prince Ribbit (D:8)
  A troll (D:11)
  A hornet (D:9)
  A slime creature (Lair:6)
  28 blink frogs
  7 hippogriffs
  16 dream sheep
  A redback (Lair:4)
  41 yaks
  2 shadows (D:11)
  4 wraiths (Lair:5)
  Eustachio (D:6)
  A fire bat (Lair:2)
  4 hogs (D:7)
  3 wyverns
  A human (D:7)
  2 basilisks
  2 hungry ghosts
  A steam dragon (Lair:4)
  9 water moccasins
  Duvessa (D:6)
  An ice beast (D:10)
  7 porcupines
  4 slaves (D:9)
  A swamp drake (shapeshifter) (D:8)
  3 orc warriors
  A necrophage (D:9)
  2 black bears
  5 phantoms
  20 wolves
  2 ogres
  The ghost of ArtsTyrian the Skirmisher, an amateur OpWn (D:3)
  7 centaurs
  13 crocodiles
  2 big kobolds
  19 bullfrogs
  Dowan (D:6)
  2 scorpions
  5 troll zombies (D:11)
  4 killer bees (D:9)
  2 howler monkeys (D:7)
  6 crimson imps
  2 quasits
  4 jellies
  A centaur zombie (D:9)
  3 bullfrog skeletons
  9 hounds
  2 orc priests
  8 orc wizards
  Crazy Yiuf (D:6)
  An iguana (D:9)
  8 worker ants
  3 ogre zombies (D:11)
  2 hound zombies
  A worker ant zombie (D:8)
  20 gnolls
  2 adders
  3 shadow imps
  2 worker ant simulacra (D:11)
  An ooze (D:3)
  An adder zombie (D:7)
  An adder skeleton (D:5)
  3 worms
  4 dart slugs
  6 leopard geckos
  25 orcs
  4 ball pythons
  7 giant cockroaches
  9 goblins
  20 hobgoblins
  12 jackals
  17 kobolds
  A ball python skeleton (D:4)
  9 bats
  4 frilled lizards
  2 goblin skeletons (D:11)
  4 goblin zombies (D:11)
  2 hobgoblin zombies (D:11)
  A jackal zombie (D:7)
  2 leopard gecko skeletons
  3 orc skeletons (D:11)
  14 orc zombies (D:11)
  A quokka zombie (D:5)
  7 rats
  2 plants
551 creatures vanquished.

Vanquished Creatures (collateral kills)
  An elephant (Lair:6)
  A yak (Lair:6)
  A fungus (Lair:5)
3 creatures vanquished.

Vanquished Creatures (others)
  A spiny frog (Lair:4)
  A hobgoblin (Bailey)
  A kobold (Bailey)
  18 fungi
  10 plants
31 creatures vanquished.

Grand Total: 585 creatures vanquished

Notes
Turn   | Place    | Note
-------+----------+-------------------------------------------
     0 | D:1      | Rrauwl the Formicid Fighter began the quest for the Orb.
     0 | D:1      | Reached XP level 1. HP: 18/18 MP: 1/1
   130 | D:1      | Reached XP level 2. HP: 21/24 MP: 2/2
   661 | D:1      | Reached skill level 1 in Dodging
   752 | D:1      | Reached XP level 3. HP: 28/29 MP: 3/3
   779 | D:1      | Reached skill level 1 in Slings
  1196 | D:2      | Reached XP level 4. HP: 6/35 MP: 4/4
  1600 | D:2      | Found a shimmering altar of Xom.
  1600 | D:2      | Found an ancient bone altar of Kikubaaqudgha.
  1603 | D:2      | Found an iron altar of Okawaru.
  1614 | D:2      | Became a worshipper of Warmaster Okawaru
  1731 | D:2      | Reached XP level 5. HP: 41/41 MP: 5/5
  2072 | D:3      | Found a faded altar of an unknown god.
  2364 | D:3      | Noticed ArtsTyrian's ghost (amateur OpWn)
  2370 | D:3      | Killed ArtsTyrian's ghost
  2370 | D:3      | Reached XP level 6. HP: 34/47 MP: 6/6
  2774 | D:4      | Noticed a phantom
  2787 | D:4      | Reached * piety under Okawaru
  2801 | D:4      | Killed a phantom
  2801 | D:4      | Reached XP level 7. HP: 44/52 MP: 7/7
  2817 | D:4      | Found Riuputaf's Serpentskin Sales.
  2834 | D:4      | Reached skill level 5 in Slings
  2851 | D:4      | Reached skill level 5 in Maces & Flails
  3441 | D:5      | Entered Level 5 of the Dungeon
  3441 | D:5      | Found a staircase to the Ecumenical Temple.
  3487 | Temple   | Entered the Ecumenical Temple
  4100 | D:6      | Found a runed door.
  4176 | D:6      | Noticed Crazy Yiuf
  4183 | D:6      | HP: 1/52 [Crazy Yiuf/quarterstaff of chaos (15)]
  4185 | D:6      | Killed Crazy Yiuf
  4241 | D:6      | Found an ornate altar of the Wu Jian Council.
  4575 | D:6      | Reached XP level 8. HP: 56/58 MP: 8/8
  4634 | D:6      | Noticed Eustachio
  4645 | D:6      | Killed Eustachio
  4645 | D:6      | Reached ** piety under Okawaru
  4669 | D:6      | Gained mutation: You are clumsy. (Dex -2) [potion of mutation]
  4669 | D:6      | Lost mutation: You are clumsy. (Dex -2) [potion of mutation]
  4669 | D:6      | Gained mutation: You are agile. (Dex +2) [potion of mutation]
  4669 | D:6      | Gained mutation: Your movements are slightly less encumbered by armour. (ER -2) [potion of mutation]
  4685 | D:6      | Noticed Dowan
  4686 | D:6      | Noticed Duvessa
  4704 | D:6      | Killed Duvessa
  4709 | D:6      | Killed Dowan
  5300 | D:7      | Noticed a hog
  5300 | D:7      | Noticed a human
  5300 | D:7      | Noticed a hog
  5300 | D:7      | Noticed a hog
  5301 | D:7      | Noticed a hog
  5302 | D:7      | Reached XP level 9. HP: 40/64 MP: 9/9
  5319 | D:7      | Reached *** piety under Okawaru
  5741 | D:7      | Found a bloodstained altar of Trog.
  6019 | D:8      | Gained mutation: You are weak. (Str -2) [mutagenic meat]
  6021 | D:8      | Gained mutation: You are partially covered in yellow scales. (AC +2) [mutagenic meat]
  6110 | D:8      | Reached skill level 1 in Invocations
  6296 | D:8      | Reached skill level 1 in Staves
  6555 | D:8      | Found a snail-covered altar of Cheibriados.
  6775 | D:8      | Found a faded altar of an unknown god.
  6775 | D:8      | Found a faded altar of an unknown god.
  6777 | D:8      | Reached skill level 2 in Staves
  6782 | D:8      | Found a stormy altar of Qazlal.
  6783 | D:8      | Noticed a hippogriff
  6784 | D:8      | Found a glowing silver altar of Zin.
  6792 | D:8      | Killed a hippogriff
  6792 | D:8      | Reached XP level 10. HP: 70/70 MP: 9/12
  6794 | D:8      | Found a glowing golden altar of the Shining One.
  6873 | D:8      | Noticed Prince Ribbit
  6894 | D:8      | Killed Prince Ribbit
  6894 | D:8      | Reached skill level 3 in Staves
  7238 | D:8      | Reached **** piety under Okawaru
  7437 | D:9      | Reached skill level 4 in Staves
  7439 | D:9      | Reached skill level 5 in Invocations
  7543 | D:9      | Noticed Pikel
  7577 | D:9      | Killed Pikel
  7577 | D:9      | Reached skill level 5 in Staves
  7668 | D:9      | Found a staircase to the Lair.
  7693 | D:9      | Found a radiant altar of Vehumet.
  7755 | D:9      | Noticed Psyche
  7762 | D:9      | Killed Psyche
  7762 | D:9      | Reached skill level 6 in Staves
  7763 | D:9      | Found a flagged portal.
  7772 | Bailey   | Entered a bailey
  7840 | Bailey   | Noticed Blackbelt's ghost (novice DsGl)
  7858 | Bailey   | Killed Blackbelt's ghost
  7858 | Bailey   | Reached skill level 7 in Staves
  7858 | Bailey   | Reached XP level 11. HP: 45/75 MP: 13/16
  7866 | Bailey   | Noticed Conn321's ghost (novice OgWz)
  7877 | Bailey   | Killed Conn321's ghost
  7877 | Bailey   | Received a gift from Okawaru
  7877 | Bailey   | Reached ***** piety under Okawaru
  7877 | Bailey   | Reached skill level 8 in Staves
  8183 | D:9      | Noticed smzp's ghost (novice BaFi)
  8193 | D:9      | Killed smzp's ghost
  8193 | D:9      | Reached skill level 9 in Staves
  8615 | D:10     | Entered Level 10 of the Dungeon
  8776 | D:10     | Noticed Snorg
  8782 | D:10     | Noticed Snorg
  8782 | D:10     | Snorg changed into Snorg the spiny frog
  8787 | D:10     | Killed Snorg the spiny frog
  8787 | D:10     | Reached skill level 10 in Staves
  8808 | D:10     | Lost mutation: Your movements are slightly less encumbered by armour. (ER -2) [potion of mutation]
  8808 | D:10     | Lost mutation: You are weak. (Str -2) [potion of mutation]
  8808 | D:10     | Lost mutation: You are agile. (Dex +2) [potion of mutation]
  8808 | D:10     | Gained mutation: You are mostly covered in yellow scales. (AC +3) [potion of mutation]
  8902 | D:10     | Received a gift from Okawaru
  9293 | D:10     | Noticed Harold
  9323 | D:10     | Killed Harold
  9472 | D:10     | Noticed a two-headed ogre
  9477 | D:10     | Killed a two-headed ogre
  9477 | D:10     | Reached skill level 11 in Staves
  9643 | Lair:1   | Entered Level 1 of the Lair of Beasts
  9648 | Lair:1   | Reached skill level 5 in Fighting
  9653 | Lair:1   | Received a gift from Okawaru
  9699 | Lair:1   | Reached skill level 13 in Staves
  9699 | Lair:1   | Reached XP level 12. HP: 86/86 MP: 17/17
  9741 | Lair:1   | Reached XP level 13. HP: 77/92 MP: 18/18
  9995 | Lair:1   | Received a gift from Okawaru
 10493 | Lair:1   | Reached skill level 14 in Staves
 11041 | Lair:2   | Reached skill level 5 in Shields
 11214 | Lair:2   | Noticed a five-headed hydra
 11230 | Lair:2   | Killed a five-headed hydra
 11385 | Lair:2   | Noticed a five-headed hydra
 11395 | Lair:2   | Killed a five-headed hydra
 11395 | Lair:2   | Received a gift from Okawaru
 11867 | Lair:3   | Found a staircase to the Shoals.
 11898 | Lair:3   | Noticed a six-headed hydra
 11907 | Lair:3   | Killed a six-headed hydra
 12030 | Lair:3   | Found a staircase to the Snake Pit.
 12597 | Lair:3   | Learned a level 1 spell: Summon Butterflies
 12653 | Lair:4   | Received a gift from Okawaru
 12927 | Lair:4   | Reached skill level 5 in Armour
 12949 | Lair:4   | Received a gift from Okawaru
 13045 | Lair:4   | Reached XP level 14. HP: 108/108 MP: 19/19
 14111 | Lair:5   | Noticed Josephine
 14179 | Lair:5   | Killed Josephine
 14556 | Lair:5   | Reached skill level 5 in Dodging
 14967 | Lair:5   | Identified a +0 pair of boots of running (You found it on level 5 of the Lair of Beasts)
 15023 | Lair:6   | Entered Level 6 of the Lair of Beasts
 15204 | Lair:6   | Found a staircase to the Slime Pits.
 15474 | Lair:6   | Received a gift from Okawaru
 15576 | Lair:6   | Reached skill level 10 in Armour
 15597 | Lair:6   | Reached XP level 15. HP: 113/113 MP: 14/20
 15644 | Lair:6   | Gained mutation: You are frail. (-10% HP) [mutagenic meat]
 15645 | Lair:6   | Lost mutation: You are mostly covered in yellow scales. (AC +3) [potion of mutation]
 15645 | Lair:6   | Lost mutation: You are frail. (-10% HP) [potion of mutation]
 15645 | Lair:6   | Lost mutation: You are partially covered in yellow scales. (AC +2) [potion of mutation]
 15645 | Lair:6   | Gained mutation: Your mind is acute. (Int +2) [potion of mutation]
 15645 | Lair:6   | Gained mutation: You possess an exceptional clarity of mind. [potion of mutation]
 15645 | Lair:6   | Gained mutation: You evolve. [potion of mutation]
 15646 | Lair:6   | Gained mutation: You have a somewhat thin skeletal structure. (Dex +2, Stealth) [mutagenic meat]
 15784 | Lair:6   | Received a gift from Okawaru
 15951 | Lair:6   | Reached skill level 15 in Staves
 16082 | Lair:6   | Received a gift from Okawaru
 16083 | Lair:6   | Got a fine scarf {god gift}
 16120 | Lair:6   | Identified the scarf of the Gusle {rPois Str-3 Dex+9} (Okawaru gifted it to you on level 6 of the Lair of Beasts)
 16476 | Lair:5   | Reached ****** piety under Okawaru
 16799 | D:11     | Found a staircase to the Orcish Mines.
 17213 | D:11     | Noticed Rrauwl's ghost (journeyman BaFi)
 17230 | D:11     | Killed Rrauwl's ghost
 17439 | D:11     | Gained mutation: Your flesh is cold resistant. (rC+) [evolution]
 17448 | D:11     | Noticed a frost giant
 17458 | D:11     | Noticed a fire giant
 17471 | D:11     | Killed a fire giant
 17584 | D:11     | Got a coiled silver ring
 17586 | D:11     | Got a crude wooden ring
 17589 | D:11     | Got a twitching copper ring
 17625 | D:11     | HP: 2/113 [frost giant/battleaxe of freezing (42)]
 17625 | D:11     | Slain by a frost giant

Vault maps used:
D:1:      lightli_arrival_chessboard, minmay_misc_feat_encased
D:2:      gammafunk_temple_overflow_forgotten, first_bread
D:3:      chequers_ecumenical_altar_simple_redux
D:4:      guppyfry_shop_venom
D:5:      minmay_temple_entry_trees
D:6:      lemuel_doored_altar, uniq_eustachio, uniq_duvessa,
          uniq_crazy_yiuf_cottage
D:7:      grunt_livestock, bloody_trog
D:8:      chequers_temple_overflow_minitemple, nicolae_overflow_crystal_walls,
          uniq_prince_ribbit1
D:9:      old_standard_altar, lair_entry_dummy, enter_bailey_2, uniq_pikel,
          uniq_psyche
D:10:     uniq_snorg, uniq_harold
D:11:     zombieorc2_lemuel, minmay_the_grid_triangle_9x9_recursive_2_mashed
Temple:   hc_temple_tempest_star
Lair:1:   hibernation_bobbens, grunt_megastairs_5
Lair:2:   serial_bayou_shore_b, infiniplex_staircase_pool_2
Lair:3:   shoals_dummy_entry, dummy_snake_entry
Lair:4:   serial_bayou_shore_a
Lair:5:   minmay_lair_oklob_chamber, uniq_josephine
Lair:6:   grunt_lair_end_beastmaster, minmay_slime_entry_pillars,
          grunt_megastairs_1
Bailey:   bailey_axe_2, bailey

Skill      XL: |  1  2  3  4  5  6  7  8  9 10 11 12 13 14 15 |
---------------+----------------------------------------------+-----
Shields        | 4 9 |  9.0
Dodging        | 1 6 |  6.0
Slings         | 2 3 4 6 7 9 |  9.0
Maces & Flails | 3 4 5 7 9 |  9.2
Invocations    | 3 7 |  7.0
Staves         | 2 7 13 14 15 | 15.9
Fighting       | 5 9 |  9.0
Armour         | 5 10 12 | 12.5

Action                   |  1- 3 |  4- 6 |  7- 9 | 10-12 | 13-15 || total
-------------------------+-------+-------+-------+-------+-------++-------
Melee: Flail             |    18 |    91 |       |       |       ||   109
       Whip              |       |    21 |   136 |       |       ||   157
       Quarterstaff      |       |       |   223 |   323 |  1173 ||  1719
 Fire: Hunting sling     |    80 |    62 |       |       |       ||   142
Invok: Heroism           |       |       |     5 |    11 |    30 ||    46
       Finesse           |       |       |       |     2 |     5 ||     7
 Abil: Dig               |       |       |       |       |     2 ||     2
Evoke: Wand              |       |       |       |       |     1 ||     1
       Box of beasts     |       |       |       |       |     1 ||     1
  Use: Scroll            |       |     5 |     6 |     1 |    18 ||    30
       Potion            |       |     7 |    11 |     5 |     2 ||    25
 Stab: Confused          |       |       |     4 |     5 |     6 ||    15
       Paralysed         |       |       |     2 |     6 |     7 ||    15
       Petrifying        |       |       |       |     2 |     2 ||     4
       Petrified         |       |       |       |     1 |     3 ||     4
       Distracted        |       |       |       |     1 |     2 ||     3
  Eat: Chunk             |     1 |     5 |    14 |     9 |    16 ||    45
       Fruit             |       |       |     3 |       |     1 ||     4
       Royal jelly       |       |       |       |     1 |     1 ||     2
       Bread ration      |       |       |       |       |     2 ||     2
Armor: Scale mail        |    16 |    32 |    94 |    57 |    42 ||   241
       Chain mail        |       |       |       |       |    34 ||    34
       Steam dragon scal |       |       |       |       |     4 ||     4
       Ring mail         |       |       |       |       |    55 ||    55
Dodge: Dodged            |    14 |    26 |    81 |    89 |   177 ||   387
Block: Shield            |    23 |    73 |   209 |   162 |   330 ||   797
       Reflection        |       |       |     5 |    27 |     8 ||    40
       Large shield      |       |       |       |       |   228 ||   228
